 Dungeon Crawl Stone Soup version 0.31.0-32-g396128a36d (webtiles) character file.

Game seed: 7085810788149444630

83 ChadusMaximus the Caller (level 4, 0/30 HPs)
             Began as a Barachi Summoner on Mar 17, 2024.
             Slain by a sleepcap (8 damage)
             ... on level 3 of the Dungeon.
             The game lasted 00:02:55 (1708 turns).

ChadusMaximus the Caller (Barachi Summoner)         Turns: 1708, Time: 00:02:56

Health: 0/30       AC:  2    Str:  9    XL:     4   Next: 44%
Magic:  3/8        EV: 12    Int: 17    God:
Gold:   157        SH:  0    Dex: 13    Spells: 3/9 levels left

rFire   . . .        e - +0 spear
rCold   . . .        (no shield)
rNeg    . . .        a - +0 robe
rPois   .            (no helmet)
rElec   .            f - scarf {+Inv}
rCorr   .            (no gloves)
SInv    .            (no boots)
Will    +....        (no amulet)
Stlth   ++           k - ring of willpower
HPRegen 0.25/turn    (no ring)
MPRegen 0.11/turn

%: no passive effects
@: inugami summoned, slow
A: amphibious, slowness 1, strong legs 1, +LOS
a: Hop, Evoke Invisibility


You were on level 3 of the Dungeon.
You visited 1 branch of the dungeon, and saw 3 of its levels.

You collected 157 gold pieces.

Inventory:

Hand Weapons
 e - a +0 spear (weapon)
Armour
 a - a +0 robe (worn)
 f - a scarf of invisibility (worn)
Jewellery
 k - a ring of willpower (left hand)
Scrolls
 c - a scroll of vulnerability {unknown}
 h - a scroll of revelation {unknown}
 l - a scroll of teleportation {unknown}
 m - a scroll of identify {unknown}
Potions
 b - a potion of magic
 d - a potion of haste {unknown}
 g - 2 potions of curing {unknown}
 i - a potion of heal wounds {unknown}
 j - a potion of degeneration {unknown}
 n - a potion of mutation {unknown}


   Skills:
 - Level 2.1 Dodging
 - Level 1.7 Stealth
 + Level 3.2 Spellcasting
 * Level 6.3 Summonings


You had 3 spell levels left.
You knew the following spells:

 Your Spells              Type           Power      Damage    Failure   Level
a - Summon Small Mammal   Summ           96%        N/A       1%          1
b - Call Canine Familiar  Summ           24%        N/A       3%          3
c - Call Imp              Summ           48%        N/A       1%          2

Your spell library contained the following spells:

 Spells                   Type           Power      Damage    Failure   Level
 Ensorcelled Hibernation  Hex/Ice        4%         N/A       26%         2
 Fugue of the Fallen      Necr           2%         N/A       45%         3
 Stone Arrow              Conj/Erth      4%         3d7       45%         3
 Summon Blazeheart Golem  Fire/Summ      13%        N/A       43%         4
 Summon Lightning Spire   Summ/Air       13%        N/A       43%         4
 Anguish                  Hex/Necr       1%         N/A       86%         4
 Freezing Cloud           Conj/Ice/Air   1%         6-21      99%         5


Dungeon Overview and Level Annotations

Branches:
Dungeon (3/15)

Altars:
Zin


Innate Abilities, Weirdness & Mutations

You are amphibious.
You cover ground slowly.
You can hop short distances.
You have an extended range of vision and can be seen from far away.


Message History

No target in view!
Found a stone staircase leading down.
No target in view!
A rat comes into view.
You reach to attack!
The helpless rat fails to defend itself.
You hit the rat.
You kill the rat!
Found a robe.
No target in view!
An endoplasm comes into view.
An endoplasm is nearby!
Found a bubbling orange potion.
An endoplasm is nearby!
An endoplasm is nearby!
A sleepcap comes into view.
The sleepcap releases spores at you.
You are engulfed in a cloud of soporific spores!
You fall asleep.
The sleepcap releases spores at you!
You wake up.
Casting: Call Imp (safe; 1% risk of failure)
Confirm with . or Enter, or press ? or * to list all spells.
A tiny devil pulls itself out of the air.
The sleepcap barely misses you.
Unknown command.
The sleepcap releases spores at you.
* * * LOW HITPOINT WARNING * * *
Your cerulean imp hits the sleepcap from afar with a -2 spear.
The sleepcap attacks as it pursues you! The sleepcap releases spores at you.
* * * LOW HITPOINT WARNING * * *
Your cerulean imp hits the sleepcap from afar with a -2 spear.
Casting: Call Imp (safe; 1% risk of failure)
Confirm with . or Enter, or press ? or * to list all spells.
You call for your canine familiar and it appears with a howl!
The sleepcap closely misses you.
Your cerulean imp hits the sleepcap but does no damage.
Unknown command.
Found a red potion.
The sleepcap attacks as it pursues you! The sleepcap releases spores at you!
You die...

#.#.######## ##.
#.#.#....... ...
#.#.#.####.. #.# #.#.#.#
#..
###.###.###.#.#.####..
!...............>##..
..####.###.#...#.#.#.##..
.........#.##.##...#.#...
######h#@#....######.##..
#.....5.f#......#..#.##..
#.#......#.####.#<.#.##.#
#.#....#.####.##....... #
#.........#......##..
#.#....##.######.##..
#..[................†
#.#.....#.#####.#####
...#.###.# # #..# #<


You could see a sleepcap (ally target) and a friendly cerulean imp (summoned).

Vanquished Creatures
  2 dart slugs
  A ribbon worm (D:2)
  2 ball pythons
  3 endoplasms
  2 giant cockroaches (D:2)
  3 hobgoblins
  2 jackals (D:2)
  A quokka (D:2)
  3 bats (D:3)
  3 frilled lizards
  3 kobolds (D:2)
  3 rats
28 creatures vanquished.

Vanquished Creatures (collateral kills)
  4 adders
  A dart slug (D:3)
  A giant cockroach (D:1)
  A hobgoblin (D:2)
  A quokka (D:1)
  A frilled lizard (D:2)
  A kobold (D:2)
10 creatures vanquished.

Grand Total: 38 creatures vanquished

Notes
Turn   | Place    | Note
-------+----------+-------------------------------------------
     0 | D:1      | ChadusMaximus the Barachi Summoner began the quest for the
                  | Orb.
     0 | D:1      | Reached XP level 1. HP: 13/13 MP: 3/3
    72 | D:1      | Reached skill level 5 in Summonings
    73 | D:1      | Got the Tome of the Forsaken Scars
   186 | D:1      | Reached XP level 2. HP: 16/19 MP: 5/5
   806 | D:2      | Reached XP level 3. HP: 24/24 MP: 4/7
  1200 | D:2      | Reached skill level 6 in Summonings
  1265 | D:2      | Reached XP level 4. HP: 22/30 MP: 6/8
  1384 | D:3      | Learned a level 3 spell: Call Canine Familiar
  1387 | D:3      | Learned a level 2 spell: Call Imp
  1480 | D:3      | Found a glowing silver altar of Zin.
  1708 | D:3      | Slain by a sleepcap

Illustrated notes

Levels and vault maps discovered:
D:1:      giann_bridges, layout_rooms
D:2:      layout_basic
D:3:      minmay_bubble_buster, layout_basic,
          mainiacjoe_overflow_surrounded_room, minmay_quantized

Skill      XL: |  1  2  3 |
---------------+----------+-----
Summonings     | 5 6 |  6.3
Spellcasting   | 3 |  3.2
Dodging        | |  2.1
Stealth        | |  1.7

Action                     |  1- 3 |  4- 6 || total
---------------------------+-------+-------++-------
  Melee: Unarmed           |     9 |       ||     9
         Spear             |    89 |    36 ||   125
   Cast: Summon Small Mamm |    18 |       ||    18
         Call Imp          |       |     3 ||     3
         Call Canine Famil |       |     1 ||     1
   Stab: Sleeping          |     1 |     2 ||     3
 Armour: Robe              |    51 |    23 ||    74
  Dodge: Dodged            |    61 |    17 ||    78
